 Dungeon Crawl Stone Soup version 0.31-a0-177-g4aa6249778 (webtiles) character file.

Game seed: 9453628451552072321

722 Moral the Sneak (level 7, 0/46 HPs)
             Began as an Octopode Transmuter on June 19, 2023.
             Was a Follower of Uskayaw.
             Shot with an arrow by a centaur (4 damage)
             ... on level 6 of the Dungeon.
             The game lasted 00:21:05 (4598 turns).

Moral the Sneak (Octopode Transmuter)               Turns: 4598, Time: 00:21:06

Health: 0/46       AC:  1    Str: 11    XL:     7   Next: 71%
Magic:  22/22      EV: 14    Int: 21    God:    Uskayaw [*.....]
Gold:   242        SH:  5    Dex: 13    Spells: 13/14 levels left

rFire   . . .        o - +4 mace of Arbitration {speed, Stlth+}
rCold   . . .        (no shield)
rNeg    . . .        (helmet currently unavailable)
rPois   +            v - amulet of reflection
rElec   .            c - ring of magical power
rCorr   .            j - +6 ring of intelligence
SInv    .            a - ring of poison resistance
Will    .....        (no ring)
Stlth   +++++        (no ring)
HPRegen 0.27/turn    (no ring)
MPRegen 0.18/turn    (no ring)
                     (no ring)

%: reflection
@: appendages
A: tentacle spike 3, almost no armour, amphibious, 8 rings, camouflage 1,
gelatinous body 1, (nimble swimmer 1), tentacles
a: End Transformation, Renounce Religion, Stomp


You were on level 6 of the Dungeon.
You worshipped Uskayaw.
Uskayaw was noncommittal.
One of your tentacles had grown a beastly spike.
You visited 2 branches of the dungeon, and saw 7 of its levels.

You collected 242 gold pieces.

Inventory:

Hand Weapons
 o - the +4 mace of Arbitration (weapon) {speed, Stlth+}
   (You took it off a hobgoblin on level 3 of the Dungeon)

   Stlth:     It makes you more stealthy.
Jewellery
 a - a ring of poison resistance (on tentacle)
 c - a ring of magical power (left tentacle)
 j - a +6 ring of intelligence (right tentacle)
 v - an amulet of reflection (around mantle)
Wands
 t - a wand of flame (26)
 u - a wand of roots (9)
Scrolls
 b - a scroll of immolation
 d - a scroll of silence
 e - 2 scrolls of blinking
 f - a scroll of revelation
 g - a scroll of brand weapon {unknown}
 p - a scroll of vulnerability {unknown}
 q - 2 scrolls of teleportation {unknown}
 s - a scroll of noise {unknown}
Potions
 h - a potion of brilliance {unknown}
 i - a potion of invisibility {unknown}
 k - a potion of mutation {unknown}
 l - a potion of cancellation {unknown}
 m - a potion of attraction {unknown}
 n - a potion of enlightenment {unknown}
 r - a potion of heal wounds {unknown}


   Skills:
 + Level 3.3 Fighting
 * Level 2.7 Maces & Flails
 - Level 3.1 Dodging
 * Level 4.2 Stealth
 - Level 3.4 Unarmed Combat
 * Level 4.1 Spellcasting
 + Level 3.3 Transmutations
 + Level 1.2 Invocations


You had 13 spell levels left.
You knew the following spells:

 Your Spells              Type           Power      Damage    Failure   Level
a - Beastly Appendage     Tmut           36%        N/A       3%          1

Your spell library contained the following spells:

 Spells                   Type           Power      Damage    Failure   Level
 Wereblood                Tmut           18%        N/A       4%          2
 Spider Form              Tmut/Pois      11%        N/A       19%         3
 Ice Form                 Ice/Tmut       11%        N/A       52%         4
 Borgnjor's Revivificati  Necr           2%         N/A       100%        8
 Necromutation            Tmut/Necr      5%         N/A       100%        8
 Death's Door             Necr           2%         N/A       100%        9


Dungeon Overview and Level Annotations

Branches:
Dungeon (6/15)             Temple (1/1) D:4

Altars:
Cheibriados
Dithmenos
Elyvilon
Fedhas
Gozag
Kikubaaqudgha
Makhleb
Nemelex Xobeh
Okawaru
Qazlal
Ru
Trog
Uskayaw
Wu Jian
Xom
Yredelemnul
Zin
The Shining One


Innate Abilities, Weirdness & Mutations

One of your tentacles has grown a beastly spike.
You cannot wear most types of armour.
You are amphibious.
You can wear up to eight rings at the same time.
Your skin changes colour to match your surroundings (Stealth+).
Your rubbery body absorbs attacks. (AC +1, EV +1)
((You are camouflaged when in or above water. (Stealth+)))
You have tentacles for arms and can constrict up to eight enemies at once.


Message History

You finish putting on your amulet of reflection.
You feel a shielding aura gather around you.
v - an amulet of reflection (around mantle) One of your tentacles grows a vicious spike.
The hornet misses you.
You miss the hornet. Your grab misses the hornet.
Your tentacle spike misses the hornet.
The hornet stings you!
You are poisoned.
The hornet stings you.
You feel yourself slow down.
You hit the hornet but do no damage. Your grab misses the hornet.
Your tentacle spike misses the hornet.
Your squeeze misses the hornet.
You feel very sick. The hornet stings you. The hornet stings you!
* * * LOW HITPOINT WARNING * * *
You feel as though you will be slow longer.
Blink to where?
Press: ? - help, Dir - move target
Found a scroll labelled VIODUI UGINUL.
As you read the scroll of blinking, it crumbles to dust.
* * * LOW HITPOINT WARNING * * *
You feel very sick.
* * * LOW HITPOINT WARNING * * *
You feel very sick. The hornet barely misses you.
You climb downwards.
You feel sick.
Found a purple potion and a scroll of revelation.
There is a stone staircase leading up here.
You feel yourself speed up.
You feel sick.
The orc shouts! x2; You hear a shout!
You feel sick.
You hear a shout!
You feel sick.
You feel sick.
You are no longer poisoned.
Found a pink potion.
A centaur comes into view.
The centaur wields a +0 shortbow.
The centaur shoots an arrow.
The arrow hits you.
You die...

.... ....
...!. .....
......
......###
..c.....#
#@# #.#
####.#
###..o.#
#.s.####
####.##.###
......o<#
........#
!.....##.


You could see a centaur and an orc.

Vanquished Creatures
  An ice beast (D:5)
  An ogre (D:5)
  A scorpion (D:4)
  A hound (D:4)
  3 orc priests
  2 jellies (D:5)
  An iguana (D:5)
  Ijyb (D:4)
  Natasha (thrice) (D:3)
  4 gnolls (D:4)
  7 adders
  2 worms
  3 dart slugs
  8 orcs
  4 bats
  3 endoplasms
  A giant cockroach (D:1)
  7 hobgoblins
  7 quokkas
  7 ball pythons
  5 frilled lizards
  8 goblins
  7 kobolds
  2 rats (D:1)
  A spectral orc (D:5)
90 creatures vanquished.

Notes
Turn   | Place    | Note
-------+----------+-------------------------------------------
     0 | D:1      | Moral the Octopode Transmuter began the quest for the Orb.
     0 | D:1      | Reached XP level 1. HP: 13/13 MP: 3/3
   267 | D:1      | Reached XP level 2. HP: 15/18 MP: 5/5
   632 | D:1      | Reached XP level 3. HP: 23/23 MP: 6/6
   963 | D:2      | Found a white marble altar of Elyvilon.
  1080 | D:2      | Reached XP level 4. HP: 29/29 MP: 7/7
  1304 | D:3      | Noticed Natasha
  1310 | D:3      | HP: 1/29 [Natasha/magic dart (7)]
  1313 | D:3      | Killed Natasha
  1518 | D:3      | Noticed Natasha
  1526 | D:3      | Killed Natasha
  1527 | D:3      | Reached XP level 5. HP: 23/35 MP: 9/9
  1593 | D:3      | Found an opulent altar of Gozag.
  1608 | D:3      | Noticed Natasha
  1613 | D:3      | Identified the +4 mace of Arbitration {speed, Stlth+}
  1615 | D:3      | Killed Natasha
  1919 | D:3      | Reached skill level 1 in Stealth
  1934 | D:3      | Reached XP level 6. HP: 22/41 MP: 10/10
  2330 | D:3      | Reached skill level 1 in Maces & Flails
  2425 | D:4      | Found an ornate altar of the Wu Jian Council.
  2538 | D:4      | Noticed Ijyb
  2558 | D:4      | Killed Ijyb
  2775 | D:4      | Found a staircase to the Ecumenical Temple.
  2787 | Temple   | Entered the Ecumenical Temple
  3167 | Temple   | Became a worshipper of Uskayaw the Reveller
  3229 | D:4      | Reached * piety under Uskayaw
  3240 | D:4      | Reached ** piety under Uskayaw
  3578 | D:4      | Reached XP level 7. HP: 42/46 MP: 12/12
  3696 | D:5      | Entered Level 5 of the Dungeon
  4076 | D:5      | Reached skill level 1 in Invocations
  4220 | D:5      | Found a basalt altar of Yredelemnul.
  4571 | D:5      | Found an iron altar of Okawaru.
  4577 | D:5      | Noticed a hornet
  4598 | D:6      | Shot with an arrow by a centaur

Illustrated notes

Levels and vault maps discovered:
D:1:      evilmike_arrival_plus, layout_rooms, fountainhead, moated_statue
D:2:      layout_rooms, basic_altar
D:3:      layout_loops_ring, mainiacjoe_overflow_small_starburst,
          kennysheep_generic_room_8, uniq_natasha
D:4:      layout_loops_cross, mainiacjoe_overflow_cross_hatched,
          minmay_temple_entry_water_ring, uniq_ijyb
D:5:      layout_basic, okawaru_gym_becter, yredelemnul_forgotten_temple_becter
D:6:      layout_rooms, serial_shops, nicolae_square_shop,
          kennysheep_generic_room_15, uniq_prince_ribbit1, uniq_menkaure
Temple:   nicolae_temple_bog_church

Skill      XL: |  1  2  3  4  5  6  7 |
---------------+----------------------+-----
Fighting       | 2 3 |  3.3
Dodging        | 3 |  3.1
Spellcasting   | 3 4 |  4.1
Stealth        | 1 3 4 |  4.2
Maces & Flails | 2 |  2.7
Transmutations | 3 |  3.3
Invocations    | 1 |  1.2
Unarmed Combat | |  3.4

Action                     |  1- 3 |  4- 6 |  7- 9 || total
---------------------------+-------+-------+-------++-------
  Melee: Unarmed           |    65 |    32 |       ||    97
         Constrict         |    19 |    33 |     1 ||    53
         Kick              |    22 |    28 |     8 ||    58
         Tentacles         |     8 |    23 |     7 ||    38
         Punch             |     2 |     4 |     1 ||     7
         Mace              |       |    81 |    29 ||   110
   Cast: Beastly Appendage |    23 |    27 |    11 ||    61
 Invoke: Line Pass         |       |     1 |     1 ||     2
    Use: Potion            |       |     1 |       ||     1
         Scroll            |       |     4 |     1 ||     5
   Stab: Sleeping          |     4 |     5 |     2 ||    11
 Armour: Skin              |     8 |     6 |     1 ||    15
  Dodge: Dodged            |    43 |    48 |    14 ||   105

Table legend: (Time is in decaauts)
 A = Elapsed time spent in this place.
 B = Non-inter-level travel time spent in this place.
 C = Inter-level travel time spent in this place.
 D = Time resting spent in this place.
 E = Time spent auto-exploring this place.
 F = Levels seen in this place.
 G = Mean time per level.
                   A        B        C        D        E       F      G
               +--------+--------+--------+--------+--------+-----+--------+
         Total |   4578 |   4488 |     90 |    545 |   2839 |   7 |  654.0 |
       Dungeon |   4169 |   4079 |     90 |    545 |   2822 |   6 |  694.8 |
        Temple |    409 |    409 |      0 |      0 |     17 |   1 |  409.0 |
               +--------+--------+--------+--------+--------+-----+--------+

Top non-repeatable levels by time:
     D:3: 1055 daAuts
     D:4: 914 daAuts
     D:5: 891 daAuts
     D:1: 764 daAuts
     D:2: 534 daAuts
  Temple: 409 daAuts
     D:6: 8 daAuts
